| TOP OF THE 1ST |
|
Minnesota (NYP) Twins batting - Pitching for Connecticut Tigers : RHP Jerome Stady
|
|
Pitching: RHP Jerome Stady
|
|
|
Batting: SHB Matt Urbani
|
0-0: Ball 1-0: Called Strike 1-1: Ball 2-1: Swinging Strike 2-2: Strikes out swinging
|
|
Batting: RHB Andrew Rich
|
0-0: Foul Ball, location: 2F 0-1: Ground out 4-3 (Groundball, 4, EV 83.1 MPH)
|
|
Batting: LHB Kuemon Shishido
|
0-0: Called Strike 0-1: Foul Ball, location: 2F 0-2: Ball 1-2: Ball 2-2: Strikes out swinging
|
| Top of the 1st over - 0 runs, 0 hits, 0 errors, 0 left on base; Minnesota (NYP) 0 - Connecticut 0 |
| BOTTOM OF THE 1ST |
|
Connecticut Tigers batting - Pitching for Minnesota (NYP) Twins : LHP Bobby Molina
|
|
Pitching: LHP Bobby Molina
|
|
|
Batting: RHB Billy Verdusco
|
0-0: Ball 1-0: Ball 2-0: Called Strike 2-1: Ground out 4-3 (Groundball, 4, EV 88.1 MPH)
|
|
Batting: RHB Tony Soto
|
0-0: Called Strike 0-1: Called Strike 0-2: Strikes out looking
|
|
Batting: SHB Shohei Fujii
|
0-0: Ball 1-0: Called Strike 1-1: Ball 2-1: Foul Ball, location: 2F 2-2: Foul Ball, location: 2F 2-2: Foul Ball, location: 2F 2-2: Foul Ball, location: 2F 2-2: Ground out 6-3 (Groundball, 6M, EV 88.1 MPH)
|
| Bottom of the 1st over - 0 runs, 0 hits, 0 errors, 0 left on base; Minnesota (NYP) 0 - Connecticut 0 |
| TOP OF THE 2ND |
|
Minnesota (NYP) Twins batting - Pitching for Connecticut Tigers : RHP Jerome Stady
|
|
Batting: LHB Jayden Thomas
|
0-0: Ball 1-0: Ball 2-0: Called Strike 2-1: Called Strike 2-2: Strikes out swinging
|
|
Batting: RHB Israel Gaona
|
0-0: Foul Ball, location: 2F 0-1: SOLO HOME RUN (Flyball, 7D, EV 102.5 MPH), Distance : 395 ft
|
|
Batting: SHB Chris Hull
|
0-0: Ball 1-0: Ball 2-0: Ball 3-0: Base on Balls
|
|
Batting: SHB Manny Molina
|
0-0: Ball 1-0: Called Strike 1-1: Called Strike 1-2: Fly out, F7 (Line Drive, 7, EV 85.6 MPH)
|
|
Batting: RHB Ryan Starks
|
0-0: Ball 1-0: Called Strike 1-1: DOUBLE (Line Drive, 9LS, EV 91.9 MPH) Chris Hull to third Runner from 3rd tries for Home, SAFE, throw by RF to home
|
|
Batting: LHB Antonio Gutierrez
|
0-0: Ball 1-0: Ball 2-0: Called Strike 2-1: Ground out U3 (Groundball, 13, EV 86.9 MPH)
|
| Top of the 2nd over - 2 runs, 2 hits, 0 errors, 1 left on base; Minnesota (NYP) 2 - Connecticut 0 |
| BOTTOM OF THE 2ND |
|
Connecticut Tigers batting - Pitching for Minnesota (NYP) Twins : LHP Bobby Molina
|
|
Batting: LHB Jon Frederick
|
0-0: Called Strike 0-1: Called Strike 0-2: Ball 1-2: Ball 2-2: Ground out U3 (Groundball, 34, EV 111.9 MPH)
|
|
Batting: LHB Jon Pedlar
|
0-0: Called Strike 0-1: Called Strike 0-2: Foul Ball, location: 2F 0-2: Ball 1-2: Strikes out looking
|
|
Batting: RHB Kevin Steed
|
0-0: Called Strike 0-1: Called Strike 0-2: Ball 1-2: Strikes out swinging
|
| Bottom of the 2nd over - 0 runs, 0 hits, 0 errors, 0 left on base; Minnesota (NYP) 2 - Connecticut 0 |
| TOP OF THE 3RD |
|
Minnesota (NYP) Twins batting - Pitching for Connecticut Tigers : RHP Jerome Stady
|
|
Batting: SHB Matt Urbani
|
0-0: Called Strike 0-1: Foul Ball, location: 2F 0-2: Ground out 4-3 (Groundball, 34D, EV 83.1 MPH)
|
|
Batting: RHB Andrew Rich
|
0-0: Ground out U3 (Groundball, 34, EV 100.6 MPH)
|
|
Batting: LHB Kuemon Shishido
|
0-0: Foul Ball, location: 2F 0-1: Ball 1-1: Ground out 4-3 (Groundball, 4, EV 102.5 MPH)
|
| Top of the 3rd over - 0 runs, 0 hits, 0 errors, 0 left on base; Minnesota (NYP) 2 - Connecticut 0 |
| BOTTOM OF THE 3RD |
|
Connecticut Tigers batting - Pitching for Minnesota (NYP) Twins : LHP Bobby Molina
|
|
Batting: RHB Jeremiah Washington
|
0-0: Ball 1-0: Swinging Strike 1-1: Ball 2-1: Ball 3-1: Base on Balls
|
|
Batting: LHB Glen Boyle
|
0-0: Ball 1-0: Foul Ball, location: 2F 1-1: Ball 2-1: Ball 3-1: Called Strike 3-2: Foul Ball, location: 2F 3-2: Foul Ball, location: 2F 3-2: Foul Ball, location: 2F 3-2: Base on Balls Jeremiah Washington to second
|
|
Batting: RHB Norm Wood
|
0-0: Ball 1-0: Ball 2-0: Called Strike 2-1: Fielders Choice at 2nd, 4-6 (Groundball, 4, EV 78.8 MPH) Jeremiah Washington to third
|
|
Batting: RHB Billy Verdusco
|
0-0: Ball Norm Wood is caught stealing 2nd base 2-4 1-0: Called Strike 1-1: Ball 2-1: Ball 3-1: Called Strike 3-2: Strikes out swinging
|
| Bottom of the 3rd over - 0 runs, 0 hits, 0 errors, 1 left on base; Minnesota (NYP) 2 - Connecticut 0 |
| TOP OF THE 4TH |
|
Minnesota (NYP) Twins batting - Pitching for Connecticut Tigers : RHP Jerome Stady
|
|
Batting: LHB Jayden Thomas
|
0-0: Called Strike 0-1: Ball 1-1: Ball 2-1: Foul Ball, location: 2F 2-2: Ball 3-2: Base on Balls
|
|
Batting: RHB Israel Gaona
|
0-0: Foul Ball, location: 2F 0-1: Called Strike 0-2: Strikes out swinging
|
|
Batting: SHB Chris Hull
|
0-0: Foul Ball, location: 2F 0-1: Fly out, F8 (Line Drive, 8LM, EV 92.5 MPH)
|
|
Batting: SHB Manny Molina
|
0-0: Called Strike 0-1: Called Strike Jayden Thomas is caught stealing 2nd base 2-6
|
| Top of the 4th over - 0 runs, 0 hits, 0 errors, 0 left on base; Minnesota (NYP) 2 - Connecticut 0 |
| BOTTOM OF THE 4TH |
|
Connecticut Tigers batting - Pitching for Minnesota (NYP) Twins : LHP Bobby Molina
|
|
Batting: RHB Tony Soto
|
0-0: Ball 1-0: Ball 2-0: Ball 3-0: Called Strike 3-1: Foul Ball, location: 2F 3-2: Strikes out looking
|
|
Batting: SHB Shohei Fujii
|
0-0: Ball 1-0: Ground out 6-3 (Groundball, 6M, EV 86.9 MPH)
|
|
Batting: LHB Jon Frederick
|
0-0: SINGLE (Line Drive, 7S, EV 106.2 MPH)
|
|
Batting: LHB Jon Pedlar
|
0-0: Called Strike 0-1: Ball 1-1: Ball 2-1: Ball 3-1: Base on Balls Jon Frederick to second
|
|
Batting: RHB Kevin Steed
|
0-0: Ball Wild Pitch! Jon Frederick to third Jon Pedlar to second 1-0: Ball 2-0: Called Strike 2-1: Foul Ball, location: 2F 2-2: Foul Ball, location: 2F 2-2: SINGLE (Groundball, 25, EV 68.1 MPH) (infield hit) Jon Frederick scores Jon Pedlar to third
|
|
Batting: RHB Jeremiah Washington
|
0-0: Called Strike 0-1: Ball 1-1: Fielders Choice at 2nd, 5-4 (Groundball, 56, EV 83.8 MPH)
|
| Bottom of the 4th over - 1 run, 2 hits, 0 errors, 2 left on base; Minnesota (NYP) 2 - Connecticut 1 |
| TOP OF THE 5TH |
|
Minnesota (NYP) Twins batting - Pitching for Connecticut Tigers : RHP Jerome Stady
|
|
Batting: SHB Manny Molina
|
0-0: Called Strike 0-1: Ball 1-1: Ball 2-1: Ball 3-1: Called Strike 3-2: Foul Ball, location: 2F 3-2: Ground out 6-3 (Groundball, 6, EV 83.1 MPH)
|
|
Batting: RHB Ryan Starks
|
0-0: Ground out 5-3 (Groundball, 56, EV 91.2 MPH)
|
|
Batting: LHB Antonio Gutierrez
|
0-0: Ball 1-0: Called Strike 1-1: Ball 2-1: Foul Ball, location: 2F 2-2: Foul Ball, location: 2F 2-2: Ball 3-2: Foul Ball, location: 2F 3-2: Strikes out swinging
|
| Top of the 5th over - 0 runs, 0 hits, 0 errors, 0 left on base; Minnesota (NYP) 2 - Connecticut 1 |
| BOTTOM OF THE 5TH |
|
Connecticut Tigers batting - Pitching for Minnesota (NYP) Twins : LHP Bobby Molina
|
|
Batting: LHB Glen Boyle
|
0-0: Called Strike 0-1: Ball 1-1: Ball 2-1: Foul Ball, location: 2F 2-2: Strikes out swinging
|
|
Batting: RHB Norm Wood
|
0-0: Called Strike 0-1: Ball 1-1: Fly out, F7 (Flyball, 78D, EV 93.1 MPH)
|
|
Batting: RHB Billy Verdusco
|
0-0: Ball 1-0: Called Strike 1-1: Ball 2-1: Swinging Strike 2-2: Foul Ball, location: 2F 2-2: Ball 3-2: Strikes out swinging
|
| Bottom of the 5th over - 0 runs, 0 hits, 0 errors, 0 left on base; Minnesota (NYP) 2 - Connecticut 1 |
| TOP OF THE 6TH |
|
Minnesota (NYP) Twins batting - Pitching for Connecticut Tigers : RHP Jerome Stady
|
|
Batting: SHB Matt Urbani
|
0-0: Foul Ball, location: 2F 0-1: Ball 1-1: SOLO HOME RUN (Flyball, 9D, EV 100.6 MPH), Distance : 389 ft
|
|
Batting: RHB Andrew Rich
|
0-0: Ball 1-0: Called Strike 1-1: Foul Ball, location: 2F 1-2: Strikes out swinging, 2-3 out at first.
|
|
Batting: LHB Kuemon Shishido
|
0-0: Ball 1-0: Called Strike 1-1: Ball 2-1: Ball 3-1: Base on Balls
|
|
Batting: LHB Jayden Thomas
|
0-0: Foul Ball, location: 2F 0-1: Swinging Strike 0-2: Strikes out swinging
|
|
Batting: RHB Israel Gaona
|
0-0: Called Strike 0-1: Ball 1-1: Ball 2-1: Reached via error on a dropped throw from 3B, E3 (Groundball, 5S, EV 71.2 MPH) Kuemon Shishido to second
|
|
Batting: SHB Chris Hull
|
0-0: Foul Ball, location: 2F 0-1: Swinging Strike 0-2: Strikes out swinging
|
| Top of the 6th over - 1 run, 1 hit, 1 error, 2 left on base; Minnesota (NYP) 3 - Connecticut 1 |
| BOTTOM OF THE 6TH |
|
Connecticut Tigers batting - Pitching for Minnesota (NYP) Twins : LHP Bobby Molina
|
|
Batting: RHB Tony Soto
|
0-0: Ball 1-0: Ball 2-0: DOUBLE (Line Drive, 9LS, EV 96.2 MPH)
|
|
Batting: SHB Shohei Fujii
|
0-0: Swinging Strike 0-1: Ground out 6-3 (Groundball, 6, EV 92.5 MPH) Tony Soto to third
|
|
Pitching: RHP Regan Kalinski
|
|
|
Batting: LHB Jon Frederick
|
0-0: Swinging Strike 0-1: Swinging Strike 0-2: Strikes out looking
|
|
Batting: LHB Jon Pedlar
|
0-0: Ball 1-0: Ball 2-0: Ground out U3 (Groundball, 3, EV 93.1 MPH)
|
| Bottom of the 6th over - 0 runs, 1 hit, 0 errors, 1 left on base; Minnesota (NYP) 3 - Connecticut 1 |
| TOP OF THE 7TH |
|
Minnesota (NYP) Twins batting - Pitching for Connecticut Tigers : RHP Jerome Stady
|
|
Batting: SHB Manny Molina
|
0-0: Ball 1-0: Called Strike 1-1: Swinging Strike 1-2: Ball 2-2: Foul Ball, location: 2F 2-2: Strikes out swinging
|
|
Pitching: LHP Jayden Carey
|
|
|
Batting: RHB Ryan Starks
|
0-0: Called Strike 0-1: Ball 1-1: Ball 2-1: Foul Ball, location: 2F 2-2: Ball 3-2: Strikes out swinging
|
|
Batting: LHB Antonio Gutierrez
|
0-0: Called Strike 0-1: Ball 1-1: Foul Ball, location: 2F 1-2: Ball 2-2: Ball 3-2: Foul Ball, location: 2F 3-2: Base on Balls
|
|
Batting: SHB Matt Urbani
|
0-0: Ball 1-0: Called Strike Antonio Gutierrez steals 2nd base (no throw) 1-1: Swinging Strike 1-2: Strikes out looking
|
| Top of the 7th over - 0 runs, 0 hits, 0 errors, 1 left on base; Minnesota (NYP) 3 - Connecticut 1 |
| BOTTOM OF THE 7TH |
|
Connecticut Tigers batting - Pitching for Minnesota (NYP) Twins : RHP Regan Kalinski
|
|
Pitching: RHP Cody Bryant
|
|
|
Batting: RHB Kevin Steed
|
0-0: Fly out, F9 (Flyball, 9, EV 91.2 MPH)
|
|
Pinch Hitting: LHB Claudio Kamminga
|
0-0: Swinging Strike 0-1: Swinging Strike 0-2: Strikes out looking
|
|
Batting: LHB Glen Boyle
|
0-0: Ball 1-0: Called Strike 1-1: Foul Ball, location: 2F 1-2: Ball 2-2: SINGLE (Line Drive, 3D, EV 95.6 MPH)
|
|
Pinch Hitting: LHB Bobby Adams
|
0-0: SINGLE (Groundball, 56D, EV 105.6 MPH) Glen Boyle to second
|
|
Pinch Hitting: LHB Andy Sanchez
|
0-0: Ball 1-0: Ball 2-0: Ball Wild Pitch! Glen Boyle to third Bobby Adams to second 3-0: Called Strike 3-1: Base on Balls
|
|
Batting: RHB Tony Soto
|
0-0: Called Strike 0-1: Ball 1-1: Swinging Strike 1-2: Strikes out looking
|
| Bottom of the 7th over - 0 runs, 2 hits, 0 errors, 3 left on base; Minnesota (NYP) 3 - Connecticut 1 |
| TOP OF THE 8TH |
|
Minnesota (NYP) Twins batting - Pitching for Connecticut Tigers : LHP Jayden Carey
|
|
Pitching: LHP Jesse Turner
|
|
|
Now at 2B: Brandon Everett
|
|
|
Now at SS: Bobby Adams
|
|
|
Now in CF: Omar del Pino
|
|
|
Batting: RHB Andrew Rich
|
0-0: Foul Ball, location: 2F 0-1: SINGLE (Groundball, 13S, EV 66.2 MPH) (infield hit)
|
|
Batting: LHB Kuemon Shishido
|
0-0: Swinging Strike 0-1: Foul Ball, location: 2F 0-2: Ball Wild Pitch! Andrew Rich to second 1-2: Foul Ball, location: 2F 1-2: Strikes out swinging
|
|
Batting: LHB Jayden Thomas
|
0-0: Called Strike 0-1: Ball 1-1: Swinging Strike 1-2: Ball 2-2: Ball 3-2: Strikes out swinging
|
|
Batting: RHB Israel Gaona
|
0-0: Ball 1-0: Ball 2-0: Ball 3-0: Called Strike 3-1: Base on Balls
|
|
Batting: SHB Chris Hull
|
0-0: Swinging Strike 0-1: Ball 1-1: Fielders Choice at 2nd, 6-4 (Groundball, 6, EV 98.8 MPH)
|
| Top of the 8th over - 0 runs, 1 hit, 0 errors, 2 left on base; Minnesota (NYP) 3 - Connecticut 1 |
| BOTTOM OF THE 8TH |
|
Connecticut Tigers batting - Pitching for Minnesota (NYP) Twins : RHP Cody Bryant
|
|
Pitching: RHP Pat Adams
|
|
|
Batting: SHB Shohei Fujii
|
0-0: Ball 1-0: Called Strike 1-1: Called Strike 1-2: Foul Ball, location: 2F 1-2: Strikes out swinging
|
|
Batting: LHB Jon Frederick
|
0-0: Called Strike 0-1: Swinging Strike 0-2: Ball 1-2: Strikes out swinging
|
|
Batting: LHB Jon Pedlar
|
0-0: Fly out, F8 (Flyball, 8LXD, EV 101.2 MPH)
|
| Bottom of the 8th over - 0 runs, 0 hits, 0 errors, 0 left on base; Minnesota (NYP) 3 - Connecticut 1 |
| TOP OF THE 9TH |
|
Minnesota (NYP) Twins batting - Pitching for Connecticut Tigers : LHP Jesse Turner
|
|
Pitching: RHP Kyle Moore
|
|
|
Batting: SHB Manny Molina
|
0-0: Ball 1-0: Ball 2-0: Ball 3-0: Called Strike 3-1: Base on Balls
|
|
Batting: RHB Ryan Starks
|
0-0: Ball Manny Molina is caught stealing 2nd base 2-4 1-0: Ball 2-0: Called Strike 2-1: Fly out, F8 (Flyball, 89M, EV 73.1 MPH)
|
|
Batting: LHB Antonio Gutierrez
|
0-0: Foul Ball, location: 2F 0-1: Foul Ball, location: 2F 0-2: Foul Ball, location: 2F 0-2: Ball 1-2: Ball 2-2: Ball 3-2: Foul Ball, location: 2F 3-2: Strikes out swinging
|
| Top of the 9th over - 0 runs, 0 hits, 0 errors, 0 left on base; Minnesota (NYP) 3 - Connecticut 1 |
| BOTTOM OF THE 9TH |
|
Connecticut Tigers batting - Pitching for Minnesota (NYP) Twins : RHP Pat Adams
|
|
Pitching: RHP Matt Lundy
|
|
|
Now at 1B: Diego Gutierres
|
|
|
Batting: RHB Kevin Steed
|
0-0: Foul Ball, location: 2F 0-1: Ball 1-1: Foul Ball, location: 2F 1-2: Ball 2-2: Ball 3-2: Strikes out looking
|
|
Pinch Hitting: LHB Tokugoro Adachi
|
0-0: Ball 1-0: Ball 2-0: Foul Ball, location: 2F 2-1: Swinging Strike 2-2: Foul Ball, location: 2F 2-2: Ball 3-2: Ground out 5-3 (Groundball, 6, EV 90.6 MPH)
|
|
Batting: LHB Glen Boyle
|
0-0: SINGLE (Groundball, 6MD, EV 94.4 MPH)
|
|
Batting: LHB Bobby Adams
|
0-0: Called Strike 0-1: Ground out 5-3 (Groundball, 56, EV 99.4 MPH)
|
| Bottom of the 9th over - 0 runs, 1 hit, 0 errors, 1 left on base; Minnesota (NYP) 3 - Connecticut 1 |
|